 Dungeon Crawl Stone Soup version 0.31.0-11-ge490571c62 (webtiles) character file.

Game seed: 15191479927754388441

870 ChrisAssaf the Charlatan (level 8, -7/57 HPs)
             Began as a Human Artificer on Feb 1, 2024.
             Mangled by an ogre
             ... wielding a +0 giant club
              (25 damage)
             ... on level 4 of the Dungeon.
             The game lasted 00:07:38 (1515 turns).

ChrisAssaf the Charlatan (Human Artificer)          Turns: 1515, Time: 00:07:38

Health: -7/57      AC:  5    Str: 14    XL:     8   Next: 3%
Magic:  17/17      EV: 12    Int: 14    God:
Gold:   162        SH:  7    Dex: 14    Spells: 7/7 levels left

rFire   . . .        i - +8 hand axe of Moral Flaws {distort, rN++ rCorr Int+2}
rCold   . . .        g - +2 buckler {reflect}
rNeg    + + .        b - +2 leather armour
rPois   .            (no helmet)
rElec   +            h - scarf of Greed {+Inv, Rampage *Slow rElec MP+9}
rCorr   +            (no gloves)
SInv    .            (no boots)
Will    .....        (no amulet)
Stlth   +            (no ring)
HPRegen 0.29/turn    (no ring)
MPRegen 0.15/turn

%: slow self (1%), reflection, rampage
@: very slow
A: explore regen
a: Evoke Invisibility


You were on level 4 of the Dungeon.
You visited 1 branch of the dungeon, and saw 4 of its levels.
You also visited: Sewer.

You collected 162 gold pieces.

Inventory:

Hand Weapons
 i - the +8 hand axe of Moral Flaws (weapon) {distort, rN++ rCorr Int+2}
   (You found it on level 2 of the Dungeon)

   Int+2:     It affects your intelligence (+2).
   rN++:      It greatly protects you from negative energy.
   rCorr:     It protects you from acid and corrosion.
Armour
 b - a +2 leather armour (worn)
 g - a +2 buckler of reflection (worn)
 h - the scarf of Greed (worn) {+Inv, Rampage *Slow rElec MP+9}
   (You acquired it in a sewer)

   rElec:     It insulates you from electricity.
   MP+9:      It affects your magic capacity (+9).
   *Slow:     It may slow you when you take damage.
   Rampage:   It bestows one free step when moving towards enemies.
Wands
 c - a wand of flame (4) (quivered)
 d - a wand of charming (14)
Scrolls
 a - a scroll of teleportation
 e - a scroll of enchant weapon
Potions
 f - a potion of heal wounds


   Skills:
 * Level 2.7 Fighting
 * Level 2.3 Short Blades
 + Level 2.0 Axes
 - Level 0.1(1.1) Maces & Flails
 * Level 3.4 Armour
 * Level 2.7 Dodging
 * Level 3.2 Stealth
 * Level 3.0 Shields
 * Level 5.4 Evocations


You had 7 spell levels left.
You didn't know any spells.
Your spell library was empty.

Dungeon Overview and Level Annotations

Branches:
Dungeon (4/15)              Sewer (visited)
 Temple: D:4-7

Altars:

Annotations:
Abyss:1 Eustachio


Innate Abilities, Weirdness & Mutations

You regain HP and MP as you explore.


Message History

You enter the shallow water.
Moving in this stuff is going to be slow.
You start resting.
Aiming: Throw Flame
Press: ? - help, Shift-Dir - straight line, f/p - Pikel
Aim: Pikel, wielding a +2 whip of flaming, wearing a +0 robe and carrying a wand of iceblast (steam, heavily wounded, 67% to hit)
Unknown command.
You rampage towards Pikel!
An ogre comes into view. It is wielding a +0 giant club.
You slash Pikel!
You kill Pikel!
You hear a splash. x3
With Pikel's spell broken, his former minion thanks you for its freedom.
The lemure departs this earthly plane.
Your Short Blades skill increases to level 2!
Your Axes skill increases to level 2!
Your Stealth skill increases to level 3!
Your Shields skill increases to level 3!
You have reached level 7!
You have reached level 8!
You feel clever.
You enter the shallow water.
Moving in this stuff is going to be slow.
You rampage towards the ogre!
You enter the shallow water.
Moving in this stuff is going to be slow.
You are engulfed in a cloud of scalding steam.
Items here: ) / [ †.
Aiming: Throw Flame
Press: ? - help, Shift-Dir - straight line, f - ogre
Aim: an ogre, wielding a +0 giant club (88% to hit)
The puff of flame hits the ogre!
The ogre is moderately wounded.
The ogre is engulfed in a cloud of scalding steam.
Unknown command.
Your unstable footing causes you to fumble your attack.
The ogre hits you with a +0 giant club.
Your unstable footing causes you to fumble your attack.
Your unstable footing causes you to fumble your attack.
The ogre hits you with a +0 giant club!!
You die...

###................
#.........<.................
#.#.........................
#.#......................... #
#.......................(..
#..........................
#..........................
#......##########..........
#......#~.@O~§~~~..........
#......##########..........
#.#...................^......
#.................÷..5.......
###..........................
#....................K5.......
#.##..........................
# #..........................
#..........................


You could see an ogre.

Vanquished Creatures
  Pikel (D:4)
  Sigmund (D:3)
  2 lemures (D:4)
  2 river rats (Sewer)
  5 adders
  A ribbon worm (Sewer)
  A dart slug (D:1)
  12 bats
  5 endoplasms
  5 giant cockroaches
  2 goblins
  2 hobgoblins
  4 jackals (Sewer)
  3 quokkas
  4 ball pythons
  5 frilled lizards
  2 kobolds (D:1)
  A rat (D:2)
58 creatures vanquished.

Vanquished Creatures (others)
  A lemure (D:4)
1 creature vanquished.

Grand Total: 59 creatures vanquished

Notes
Turn   | Place    | Note
-------+----------+-------------------------------------------
     0 | D:1      | ChrisAssaf the Human Artificer began the quest for the Orb.
     0 | D:1      | Reached XP level 1. HP: 15/15 MP: 1/1
   188 | D:1      | Reached XP level 2. HP: 11/21 MP: 2/2
   360 | D:2      | Identified the +8 hand axe of Moral Flaws {distort, rN++
                  | rCorr Int+2}
   395 | D:2      | Reached XP level 3. HP: 20/26 MP: 3/3
   448 | D:3      | Noticed Sigmund
   451 | D:3      | Killed Sigmund
   452 | D:3      | Reached skill level 1 in Short Blades
   452 | D:3      | Reached skill level 1 in Shields
   452 | D:3      | Reached skill level 4 in Evocations
   452 | D:3      | Reached XP level 4. HP: 32/32 MP: 4/4
   452 | D:3      | Reached XP level 5. HP: 37/37 MP: 5/5
   497 | D:4      | Noticed Eustachio
   524 | D:4      | Banished Eustachio
   525 | D:4      | Reached skill level 5 in Evocations
   525 | D:4      | Reached XP level 6. HP: 39/44 MP: 6/6
   624 | D:4      | Found a glowing drain.
   633 | Sewer    | Entered a sewer
   899 | Sewer    | Reached skill level 1 in Axes
  1105 | Sewer    | Identified a scroll of acquirement
  1105 | Sewer    | Acquired the scarf of Greed {+Inv, Rampage *Slow rElec
                  | MP+9}
  1480 | D:4      | Noticed Pikel
  1509 | D:4      | Killed Pikel
  1510 | D:4      | Reached XP level 7. HP: 25/51 MP: 7/7
  1510 | D:4      | Reached XP level 8. HP: 28/57 MP: 8/8
  1515 | D:4      | Mangled by an ogre

Illustrated notes

Levels and vault maps discovered:
D:1:      dpeg_arrival_tiny_j, layout_loops_ring
D:2:      layout_loops_ring, uniq_natasha, uniq_jessica
D:3:      layout_basic, mainiacjoe_overflow_alcove_1,
          mainiacjoe_overflow_concentric_impassable, minivault_11, uniq_sigmund
D:4:      layout_basic, elyvilon_altar_5, mainiacjoe_overflow_24_doors,
          portal_sewer_entry_d, uniq_pikel, uniq_eustachio

Skill      XL: |  1  2  3  4  5  6 |
---------------+-------------------+-----
Short Blades   | 1 2 |  2.3
Stealth        | 2 3 |  3.2
Shields        | 1 3 |  3.0
Evocations     | 4 5 |  5.4
Armour         | 3 |  3.4
Dodging        | 2 |  2.7
Fighting       | 2 |  2.7
Axes           | 2 |  2.0
Maces & Flails | |  0.1

Action                     |  1- 3 |  4- 6 |  7- 9 || total
---------------------------+-------+-------+-------++-------
  Melee: Club              |    13 |       |       ||    13
         Dagger            |    10 |       |       ||    10
         Hand axe          |     4 |    75 |     3 ||    82
  Evoke: Wand              |     6 |    10 |     1 ||    17
    Use: Scroll            |     1 |     6 |       ||     7
         Potion            |       |     2 |       ||     2
   Stab: Sleeping          |       |     2 |       ||     2
 Armour: Leather armour    |    16 |    62 |     3 ||    81
  Dodge: Dodged            |    14 |    64 |       ||    78
  Block: Buckler           |     3 |    39 |       ||    42
         Reflection        |       |     1 |       ||     1
